Map: Corrosion EC

Players

Pergi

  • Race: Zerg Zerg
  • League: Diamond
  • Spawn Location: 11:00

HoldTheDoor - Winner!

  • Race: Protoss Protoss
  • League: Diamond
  • Spawn Location: 5:00

VOD

Have the link to the VOD?

Description

Time

  • Played on: July 16, 2018, 5:24 a.m.
  • Length: 8:17
Show
View Real Time Build Order
Export as new Build Order

Pergi Zerg 

Build Orders: Hatch First 

Get SALT Encoding   

  12  0:01  Drone  
  13  0:13  Overlord  
  13  0:16  Drone  
  14  0:31  Drone x2  
  14  0:35  Drone  
  17  0:52  Hatchery  
  17  0:56  Drone  
  17  0:58  Drone  
  18  1:11  Extractor  
  17  1:14  Spawning Pool  
  17  1:17  Drone  
  17  1:20  Drone  
  18  1:28  Drone  
  19  1:39  Drone  
  20  1:51  Hatchery  
  20  1:54  Drone  
  20  2:05  Queen  
  22  2:09  Drone  
  23  2:16  Metabolic Boost  
  23  2:19  Drone  
  23  2:22  Drone  
  25  2:28  Overlord  
  25  2:35  Drone  
  26  2:38  Queen  
  28  2:48  Zergling x2  
  28  2:49  Zergling x2  
  30  2:51  Drone x2  
  30  2:56  Queen  
  34  3:00  Overlord  
  34  3:06  Zergling x4  
  34  3:07  Zergling x2  
  37  3:28  Drone  
  37  3:29  Drone x8  
  46  3:43  Lair  
  46  3:44  Extractor  
  46  3:46  Extractor  
  44  3:54  Drone x7  
  50  3:56  Extractor, Overlord  
  47  4:15  Drone x2  
  47  4:16  Drone x3  
  47  4:17  Drone x3  
  55  4:45  Drone x3  
  58  4:47  Overlord x6  
  58  4:51  Hydralisk Den  
  57  5:21  Hydralisk, Muscular Augments  
  57  5:22  Hydralisk x10  
  79  5:38  Hydralisk x2  
  83  5:48  Hydralisk  
  83  5:49  Hydralisk  
  87  5:55  Drone x7  
  87  5:56  Drone  
  95  6:05  Overlord x3  
  95  6:07  Hatchery  
  94  6:19  Hydralisk  
  94  6:20  Hydralisk x4  
  104  6:29  Extractor x2  
  104  6:32  Lurker Den, Grooved Spines, Drone  
  103  6:34  Evolution Chamber, Drone  
  103  6:35  Drone x2  
  103  6:37  Evolution Chamber  
  103  6:46  Overseer  
  103  6:49  Spore Crawler  
  103  6:52  Spore Crawler  
  103  6:53  Spore Crawler  
  100  7:12  Hydralisk x10  
  120  7:33  Hydralisk  
  120  7:34  Hydralisk x3  
  128  7:46  Hydralisk x4  
Show
View Real Time Build Order
Export as new Build Order

HoldTheDoor Protoss - Winner!

Build Orders: 1 Gate Expand 

Get SALT Encoding   

  12  0:00  Probe  
  13  0:13  Probe  
  14  0:20  Pylon  
  14  0:25  Probe  
  15  0:38  Probe  
  15  0:40  Gateway  
  16  0:46  Assimilator, Probe  
  16  0:54  Probe  
  18  1:07  Probe  
  20  1:29  Nexus  
  19  1:34  Cybernetics Core  
  19  1:37  Probe  
  20  1:45  Assimilator  
  20  1:57  Probe  
  20  2:01  Pylon  
  21  2:09  Probe  
  21  2:11  Warp Gate  
  22  2:19  Adept  
  22  2:20  Pylon  
  22  2:21  Probe  
  25  2:33  Probe  
  26  2:37  Gateway  
  26  2:45  Twilight Council, Probe  
  27  2:53  Probe  
  28  3:00  Probe  
  31  3:05  Sentry  
  31  3:07  Probe  
  31  3:12  Probe  
  33  3:14  Gateway  
  33  3:19  Probe  
  34  3:22  Resonating Glaives  
  34  3:24  Probe  
  35  3:29  Adept  
  35  3:31  Probe  
  38  3:38  Probe  
  39  3:43  Gateway  
  39  4:12  Robotics Facility  
  39  4:14  Probe x2  
  39  4:15  Pylon  
  41  4:23  Pylon  
  41  4:25  Adept x2, Gateway  
  41  4:27  Sentry, Gateway  
  41  4:30  Probe x2  
  49  4:37  Pylon  
  49  4:45  Sentry  
  49  4:47  Adept  
  49  4:48  Probe  
  49  4:49  Probe  
  55  4:58  Warp Prism  
  55  5:00  Pylon  
  55  5:04  Gateway  
  59  5:09  Gateway  
  57  5:17  Probe  
  57  5:18  Probe  
  59  5:24  Immortal  
  59  5:26  Pylon  
  59  5:27  Adept  
  59  5:28  Adept x3  
  71  5:42  Probe x2  
  73  5:52  Gateway  
  73  5:53  Adept  
  73  5:54  Adept x2  
  73  5:55  Adept  
  81  6:00  Adept  
  81  6:01  Immortal, Adept  
  79  6:24  Adept x2  
  79  6:25  Adept  
  85  6:28  Adept  
  85  6:31  Adept  
  89  6:39  Warp Prism  
  89  6:46  Pylon  
  91  6:51  Adept  
  93  6:59  Pylon  
  93  7:00  Pylon  
  93  7:03  Pylon  
  93  7:05  Pylon  
  93  7:06  Pylon  
  93  7:07  Pylon  
  93  7:10  Pylon  
  93  7:35  Adept x3  
  93  7:36  Adept x4  
  93  7:37  Adept x2  
  67  8:02  Adept x6  
  67  8:03  Adept x3  
Tags
 
Add a new tag
Caveats
  • Supply blocks, unpowered buildings, or Contaminate may cause inaccurate times.
  • Supply counts are checked every 10 seconds.